 Dungeon Crawl Stone Soup version 0.32-a0-42-ga30500b4d3 (webtiles) character file.

Game seed: 11988369247251677204

506 lunkers the Slicer (level 6, -2/41 (44) HPs)
             Began as a Vampire Gladiator on Jan 30, 2024.
             Was an Initiate of Kikubaaqudgha.
             Slain by a wight
             ... wielding a +0 dire flail
              (4 damage)
             ... on level 4 of the Dungeon.
             The game lasted 00:04:26 (2599 turns).

lunkers the Slicer (Vampire Gladiator)              Turns: 2599, Time: 00:04:26

HP:   -2/41 (44)    AC: 10    Str: 13    XL:     6   Next: 97%
MP:   6/6           EV: 13    Int: 10    God:    Kikubaaqudgha [......]
Gold: 304           SH:  0    Dex: 18    Spells: 5/5 levels left

rFire   . . .        a - +0 dagger (venom)
rCold   . . .        (no shield)
rNeg    . . .        b - +0 leather armour
rPois   .            c - +0 helmet
rElec   .            n - +0 cloak
rCorr   .            (no gloves)
SInv    +            m - +0 pair of boots
Will    .....        (no amulet)
Stlth   +            g - +4 ring of protection
HPRegen 0.46/turn    (no ring)
MPRegen 0.10/turn

%: no passive effects
@: healing quickly, drained
A: alive, fangs 3, see invisible, vampiric 2
a: Exsanguinate, Renounce Religion


You were on level 4 of the Dungeon.
You worshipped Kikubaaqudgha.
Kikubaaqudgha was noncommittal.
You visited 2 branches of the dungeon, and saw 5 of its levels.

You collected 304 gold pieces.

Inventory:

Hand Weapons
 a - a +0 dagger of venom (weapon)
 r - a +0 rapier
Missiles
 d - 3 throwing nets
 e - 6 javelins
Armour
 b - a +0 leather armour (worn)
 c - a +0 helmet (worn)
 m - a +0 pair of boots (worn)
 n - a +0 cloak (worn)
Jewellery
 g - a +4 ring of protection (left hand)
 p - a ring of ice
Scrolls
 f - 2 scrolls of brand weapon {unknown}
 i - 2 scrolls of revelation {unknown}
 j - a scroll of vulnerability {unknown}
 k - a scroll of enchant armour {unknown}
 l - a scroll of blinking {unknown}
 o - 6 scrolls of identify {unknown}
 t - 2 scrolls of noise {unknown}
Potions
 h - a potion of heal wounds {unknown}
 q - a potion of degeneration {unknown}
 s - 2 potions of brilliance {unknown}
 u - a potion of mutation {unknown}
 v - a potion of attraction {unknown}


   Skills:
 - Level 1.7 Fighting
 + Level 8.7 Short Blades
 - Level 1.5 Throwing
 - Level 3.2 Dodging


You had 5 spell levels left.
You didn't know any spells.
Your spell library was empty.

Dungeon Overview and Level Annotations

Branches:
Dungeon (4/15)             Temple (1/1) D:4

Altars:
Cheibriados
Dithmenos
Fedhas
Gozag
Hepliaklqana
Kikubaaqudgha
Makhleb
Nemelex Xobeh
Qazlal
Ru
Sif Muna
Wu Jian
Xom
Yredelemnul

Shops:
D:2 [*


Innate Abilities, Weirdness & Mutations

Your natural rate of healing is accelerated.
You have razor-sharp teeth.
You have supernaturally acute eyesight. (SInv)
You are afflicted with vampirism and can become a bat while bloodless.


Message History

Unknown command.
You hit the wight but do no damage. You bite the wight, but do no damage.
The wight is lightly damaged.
The wight hits you with a +0 dire flail.
* * * LOW HITPOINT WARNING * * *
You closely miss the wight.
The wight is lightly damaged.
Unknown command.
You hit the wight but do no damage.
The wight is lightly damaged.
The wight barely misses you.
Unknown command.
You aren't carrying any items that you can evoke.
Unknown command.
The wight attacks as it pursues you! The wight hits you but does no damage.
Okay, then.
Press: ? - help, v - describe, . - travel, g - get item
Items here: a +4 long sword of freezing; a +0 robe.
The floor.
Unknown command.
Okay, then.
You aren't carrying any items that you can evoke.
Unknown command.
You barely miss the wight.
The wight is lightly damaged.
Unknown command.
You hit the wight.
The wight is moderately damaged.
The wight hits you with a +0 dire flail.
* * * LOW HITPOINT WARNING * * *
You feel drained.
* * * LOW HITPOINT WARNING * * *
You hit the wight but do no damage.
The wight is moderately damaged.
Unknown command.
You hit the wight but do no damage. Your bite misses the wight.
The wight is moderately damaged.
The wight hits you with a +0 dire flail.
You die...
Kikubaaqudgha rasps: "You have failed me!
Welcome... death!"

####### #.....#######
###.###..@z)..#
########...#########.#
..................>#'######
#######..#.#.#####.........#
#..#...# #...........# #####
######## #...........# ....#
#...........# ....#
.............# †...#
..............#


You could see a wight.

Vanquished Creatures
  Sigmund (D:2)
  A scorpion (D:4)
  A wight (D:4)
  A hound (D:4)
  Jessica (D:3)
  Natasha (D:3)
  8 adders
  A dart slug (D:4)
  A ribbon worm (D:2)
  8 orcs
  4 ball pythons
  4 endoplasms
  4 giant cockroaches
  3 hobgoblins
  3 jackals
  3 quokkas
  10 bats
  5 frilled lizards
  5 goblins
  4 kobolds
  5 rats
74 creatures vanquished.

Notes
Turn   | Place    | Note
-------+----------+-------------------------------------------
     0 | D:1      | lunkers the Vampire Gladiator began the quest for the Orb.
     0 | D:1      | Reached XP level 1. HP: 16/16 MP: 1/1
    51 | D:1      | Reached XP level 2. HP: 22/22 MP: 2/2
    76 | D:1      | Reached skill level 4 in Short Blades
   107 | D:1      | Found a faded altar of an unknown god.
  1071 | D:2      | Gained mutation: You are afflicted with vampirism and can
                  | become a bat while bloodless. [Vampire growth]
  1071 | D:2      | Reached XP level 3. HP: 27/27 MP: 3/3
  1075 | D:2      | Found Qofunog's General Store.
  1200 | D:2      | Found Alleefuo's Armour Emporium.
  1252 | D:2      | Reached skill level 5 in Short Blades
  1405 | D:2      | Noticed Sigmund
  1424 | D:2      | Killed Sigmund
  1425 | D:2      | Reached skill level 7 in Short Blades
  1425 | D:2      | Reached XP level 4. HP: 18/33 MP: 4/4
  1425 | D:2      | Reached XP level 5. HP: 21/38 MP: 5/5
  2002 | D:3      | Reached XP level 6. HP: 43/44 MP: 6/6
  2023 | D:3      | Noticed Natasha
  2037 | D:3      | Killed Natasha
  2061 | D:3      | Noticed Jessica
  2067 | D:3      | Killed Jessica
  2230 | D:4      | Reached skill level 8 in Short Blades
  2301 | D:4      | Found a hazy altar of Hepliaklqana.
  2309 | D:4      | Found a staircase to the Ecumenical Temple.
  2325 | Temple   | Entered the Ecumenical Temple
  2344 | Temple   | Became a worshipper of Kikubaaqudgha
  2597 | D:4      | HP: 2/42 [wight/+0 dire flail (5)]
  2599 | D:4      | Slain by a wight

Illustrated notes

Levels and vault maps discovered:
D:1:      wander_arrival_estate, layout_basic, serial_bayou,
          serial_bayou_lagoon_b, serial_bayou_lake_a, serial_bayou_shore_a,
          serial_bayou_crossing, ebering_ecumenical_altar_rust,
          chequers_big_river, amcnicky_mini_corridor_feature
D:2:      layout_basic, serial_shops, shop, shop_coins, minmay_bisected,
          uniq_sigmund
D:3:      layout_rooms, mainiacjoe_overflow_alcove_4, st_stairs_12,
          uniq_jessica, uniq_natasha
D:4:      layout_basic, kennysheep_mini, temple_pool_b, serial_shops, shop,
          kennysheep_boxes
Temple:   regret_index_temple_generic_petals

Skill      XL: |  1  2  3  4  5  6 |
---------------+-------------------+-----
Short Blades   | 4 7 8 |  8.7
Fighting       | |  1.7
Throwing       | |  1.5
Dodging        | |  3.2

Action                     |  1- 3 |  4- 6 || total
---------------------------+-------+-------++-------
  Melee: Rapier            |   150 |    21 ||   171
         Bite              |     8 |    15 ||    23
         Punch             |     2 |     3 ||     5
         Dagger            |       |   140 ||   140
   Stab: Sleeping          |     4 |       ||     4
 Armour: Leather armour    |    89 |    63 ||   152
  Dodge: Dodged            |   125 |    69 ||   194

Table legend: (Time is in decaauts)
 A = Elapsed time spent in this place.
 B = Non-inter-level travel time spent in this place.
 C = Inter-level travel time spent in this place.
 D = Time resting spent in this place.
 E = Time spent auto-exploring this place.
 F = Levels seen in this place.
 G = Mean time per level.
                   A        B        C        D        E       F      G
               +--------+--------+--------+--------+--------+-----+--------+
         Total |   2603 |   2503 |    100 |      0 |   1912 |   5 |  520.6 |
       Dungeon |   2566 |   2500 |     66 |      0 |   1912 |   4 |  641.5 |
        Temple |     36 |      2 |     34 |      0 |      0 |   1 |   36.0 |
               +--------+--------+--------+--------+--------+-----+--------+

Top non-repeatable levels by time:
     D:1: 1065 daAuts
     D:2: 685 daAuts
     D:3: 498 daAuts
     D:4: 316 daAuts
  Temple: 36 daAuts
